 Dungeon Crawl Stone Soup version 0.30.1-11-g7821555f0a (webtiles) character file.

Game seed: 9063433096614857998

39 MyUsername the Slasher (level 3, -1/29 HPs)
             Began as a Human Berserker on Nov 8, 2023.
             Was a Believer of Trog.
             Slain by Grinder (3 damage)
             ... on level 3 of the Dungeon on Nov 9, 2023.
             The game lasted 00:10:37 (1679 turns).

MyUsername the Slasher (Human Berserker)            Turns: 1679, Time: 00:10:38

Health: -1/29      AC:  4    Str: 16 (19) XL:     3   Next: 70%
Magic:  3/3        EV: 12    Int:  5 (7)  God:    Trog [**....]
Gold:   101        SH:  0    Dex: 11 (12) Spells: 2/2 levels left

rFire   . . .        a - +1 falchion
rCold   . . .        (no shield)
rNeg    . . .        b - +0 animal skin
rPois   .            (no helmet)
rElec   .            (no cloak)
rCorr   .            k - +1 pair of gloves
SInv    .            (no boots)
Will    .....        (no amulet)
Stlth   +            (no ring)
HPRegen 0.24/turn    (no ring)
MPRegen 0.08/turn

%: no passive effects
@: no status effects
A: no striking features
a: Renounce Religion, Berserk, Trog's Hand


You were on level 3 of the Dungeon.
You worshipped Trog.
Trog was pleased with you.
You visited 1 branch of the dungeon, and saw 3 of its levels.

You collected 101 gold pieces.

Inventory:

Hand Weapons
 a - a +1 falchion (weapon)
 j - a +0 short sword
 n - a +0 club
 p - a +0 whip
 q - a +0 club
 r - a +0 dagger
 s - a +0 whip
Missiles
 g - 3 boomerangs (quivered)
Armour
 b - a +0 animal skin (worn)
 e - a +0 ring mail
 f - a +0 ring mail
 i - a +0 leather armour
 k - a +1 pair of gloves (worn)
 l - a +0 leather armour
 o - a +0 scale mail
Scrolls
 c - 3 scrolls of identify
 d - 2 scrolls of enchant weapon
 h - 2 scrolls of immolation
 m - a scroll of enchant armour
Potions
 t - a potion of invisibility


   Skills:
 + Level 3.4 Fighting
 + Level 3.8 Long Blades
 + Level 2.1 Armour
 + Level 2.2 Dodging


You had 2 spell levels left.
You didn't know any spells.
Your spell library was empty.

Dungeon Overview and Level Annotations

Branches:
Dungeon (3/15)

Altars:

Annotations:
D:3 Grinder


Message History

h - 2 scrolls of immolation (gained 1)
A bat comes into view.
The bat closely misses you.
You hit the bat.
The bat is moderately wounded.
The bat barely misses you. The bat closely misses you.
The bat barely misses you. x2
The bat hits you but does no damage. The bat closely misses you.
The bat hits you. The bat barely misses you. The bat misses you.
The bat hits you but does no damage. The bat closely misses you.
Grinder comes into view.
Found a scroll of enchant armour.
Grinder shouts!
The bat hits you but does no damage. The bat hits you but does no damage.
The bat completely misses you.
You closely miss the bat.
The bat is moderately wounded.
The bat closely misses you. x3
You hit the bat.
The bat is severely wounded.
The bat hits you but does no damage. Grinder gestures at you.
You suddenly lose the ability to move!
Grinder hits you!
You writhe in agony.
The bat hits you. The bat barely misses you.
The bat hits you but does no damage. Grinder hits you.
You writhe in agony.
The bat hits you but does no damage. Grinder hits you.
The bat hits you but does no damage. Grinder hits you.
* * * LOW HITPOINT WARNING * * *
You writhe in agony.
* * * LOW HITPOINT WARNING * * *
You can move again.
Hit: a) +1 falchion
Press: ? - help, Dir - move target, f - Grinder
Aim: Grinder (about 45% to evade your +1 falchion)
You barely miss Grinder. The bat closely misses you. Grinder hits you.
You die...

####### #.b.@5#
#.###.....?..
####.###########
#...........#
#..........##.#
#.#.##.##.###.# .. #
#. #.##.# #.# .. #
#.##.###.#####.# .#
#.##...........###.#.


You could see Grinder and a bat.

Vanquished Creatures
  An adder (D:2)
  A dart slug (D:2)
  A ball python (D:2)
  3 endoplasms
  4 hobgoblins (D:2)
  4 quokkas
  4 bats
  2 frilled lizards
  3 goblins
  2 kobolds
  A rat (D:1)
26 creatures vanquished.

Notes
Turn   | Place    | Note
-------+----------+-------------------------------------------
     0 | D:1      | MyUsername the Human Berserker began the quest for the Orb.
     0 | D:1      | Reached XP level 1. HP: 18/18 MP: 1/1
   338 | D:2      | Reached XP level 2. HP: 19/24 MP: 2/2
   621 | D:2      | Reached XP level 3. HP: 22/29 MP: 3/3
  1079 | D:1      | Reached ** piety under Trog
  1669 | D:3      | Noticed Grinder
  1674 | D:3      | Paralysed by Grinder for 5 turns
  1679 | D:3      | Slain by Grinder

Illustrated notes

Levels and vault maps discovered:
D:1:      erik_arrival_orb_chamber, layout_basic
D:2:      layout_loops_corners, minmay_bisected, uniq_jessica
D:3:      layout_loops_ring, uniq_grinder, uniq_natasha

Action                     || total
---------------------------++-------
  Melee: Falchion          ||   105
         Punch             ||     1
    Use: Scroll            ||     6
         Potion            ||     4
 Armour: Animal skin       ||    56
  Dodge: Dodged            ||   155
